 Dungeon Crawl Stone Soup version 0.25-a0-598-gc9c9e4cfe1 (webtiles) character file.

Game seed: 9450092234475414849, levelgen mode: deterministic

84 Esekla the Ducker (level 4, -5/21 HPs)
             Began as a Spriggan Artificer on Mar 15, 2020.
             Slain by an orc
             ... wielding a +0 whip
              (8 damage)
             ... on level 3 of the Dungeon.
             The game lasted 00:09:59 (3267 turns).

Esekla the Ducker (Spriggan Artificer)              Turns: 3267, Time: 00:09:59

Health: -5/21      AC:  2    Str:  8    XL:     4   Next: 23%
Magic:  8/8        EV: 20    Int: 13    God:
Gold:   27         SH:  0    Dex: 16    Spells: 7/7 levels left

rFire    . . .     SeeInvis +   a - +0 short sword
rCold    + . .     Gourm    .   (shield restricted)
rNeg     . . .     Faith    .   b - +0 robe
rPois    .         Spirit   .   (helmet restricted)
rElec    .         Reflect  .   (no cloak)
rCorr    .         Harm     .   (gloves unavailable)
MR       .....                  (boots unavailable)
Stlth    +.........             (no amulet)
HPRegen  0.07/turn              k - ring of protection from cold
MPRegen  0.11/turn              (no ring)

@: confused, very quick
A: very small, unfitting armour, see invisible, herbivore, speed 3, slow
metabolism 2
a: no special abilities


You were on level 3 of the Dungeon.
You were not hungry.

You visited 1 branch of the dungeon, and saw 3 of its levels.

You collected 27 gold pieces.

Inventory:

Hand Weapons
 a - a +0 short sword (weapon)
Armour
 b - a +0 robe (worn)
 h - a +0 leather armour
 l - a +0 leather armour
 s - a +0 leather armour
Jewellery
 k - a ring of protection from cold (left hand)
Wands
 c - a wand of flame (15)
 d - a wand of enslavement (15)
 e - a wand of random effects (15)
Scrolls
 i - a scroll of amnesia {unknown}
 j - a scroll of blinking {unknown}
 m - a scroll of magic mapping {unknown}
 o - a scroll of noise {unknown}
 p - a scroll of teleportation {unknown}
 q - a scroll of identify {unknown}
Potions
 g - a potion of flight {unknown}
 n - a potion of curing
 r - a potion of haste {unknown}


   Skills:
 - Level 0.7 Fighting
 * Level 2.8 Short Blades
 * Level 4.5 Dodging
 + Level 2.0 Stealth
 * Level 2.1 Spellcasting
 - Level 4.0 Evocations


You had 7 spell levels left.
You didn't know any spells.
Your spell library was empty.

Dungeon Overview and Level Annotations

Branches:
Dungeon (3/15)

Altars:
Ashenzari
Dithmenos
Okawaru


Innate Abilities, Weirdness & Mutations

You are very small and have problems with some larger weapons.
You are too small for most types of armour.
You have supernaturally acute eyesight. (SInv)
You are a herbivore.
You cover ground extremely quickly.
You need to consume almost no food.


Message History

The orc wizard is moderately wounded.
The orc wizard hits you with a +0 dagger.
You hit the orc wizard but do no damage.
The orc wizard is moderately wounded.
The orc wizard closely misses you.
You hit the orc wizard but do no damage.
The orc wizard is moderately wounded.
The orc wizard misses you.
Okay, then.
You hit the orc.
The orc is severely wounded.
The orc hits you with a +0 whip!
* * * LOW HITPOINT WARNING * * *
The orc wizard gestures wildly while chanting.
The orc wizard flickers and vanishes for a moment.
The orc wizard gestures at you while chanting.
You are confused.
You bump into the rock wall.
The orc hits you with a +0 whip!
You die...

###### ######....#
#.......#.#
###..o....#.#
#....#.#..#.#
##....#.#.o..#
##..o###.###@.#
##..o.#.....#..#
#.....#######oo#
#.....≈≈≈≈≈≈≈..# #
#.....#######..#
#####..o.#.....#..#
..# ##.oo###.###.##
#.#####....#.#...#
#.##.oo....#.#.###


You could see an orc wizard (invisible) and 2 orcs.

Vanquished Creatures
  Jessica (D:2)
  An adder (D:3)
  2 dart slugs
  3 orcs (D:3)
  A giant cockroach (D:1)
  4 goblins
  6 hobgoblins
  6 jackals
  3 bats
  A frilled lizard (D:1)
  3 kobolds
  10 rats
41 creatures vanquished.

Notes
Turn   | Place    | Note
-------+----------+-------------------------------------------
     0 | D:1      | Esekla the Spriggan Artificer began the quest for the Orb.
     0 | D:1      | Reached XP level 1. HP: 9/9 MP: 4/4
   490 | D:1      | Reached skill level 1 in Spellcasting
   527 | D:1      | Reached XP level 2. HP: 10/14 MP: 6/6
  1496 | D:1      | Reached XP level 3. HP: 6/17 MP: 7/7
  1829 | D:2      | Found a shadowy altar of Dithmenos.
  1904 | D:2      | Found a shattered altar of Ashenzari.
  1938 | D:2      | Noticed Jessica
  2039 | D:2      | Killed Jessica
  2877 | D:3      | Reached XP level 4. HP: 9/21 MP: 8/8
  2925 | D:3      | Found an iron altar of Okawaru.
  3267 | D:3      | Slain by an orc

Levels and vault maps discovered:
D:1:      minmay_arrival_plants_in_alcoves, layout_basic,
          chequers_serial_rivers_large_a
D:2:      cheibrodos_old_hovel, layout_basic, ashenzari_conservatory_becter,
          nicolae_dithmenos_shadow_blocks, first_ration, uniq_jessica
D:3:      layout_rooms, minitemple, overflow_temple_1_default, grunt_decor_cap,
          minmay_diced_spiral

Skill      XL: |  1  2  3 |
---------------+----------+-----
Spellcasting   | 1 2 |  2.1
Short Blades   | 2 |  2.8
Dodging        | 4 |  4.5
Stealth        | 2 |  2.0
Fighting       | |  0.7
Evocations     | |  4.0

Action                   |  1- 3 |  4- 6 || total
-------------------------+-------+-------++-------
Melee: Short sword       |   191 |    40 ||   231
 Stab: Sleeping          |     2 |     1 ||     3
  Eat: Ration            |       |     1 ||     1
Armor: Robe              |    12 |     1 ||    13
Dodge: Dodged            |   163 |    23 ||   186

Table legend:
 A = Non-vault XP
 B = Vault XP
 C = Vault XP percentage of total XP
 D = Non-vault monster count
 E = Vault monster count
 F = Vault count percentage of total count
                 A         B        C        D         E       F
            +---------+---------+-------+---------+---------+-------
      Total |      82 |      38 |  31.7 |      39 |       2 |   4.9
            +---------+---------+-------+---------+---------+-------
        D:1 |      41 |       0 |   0.0 |      24 |       0 |   0.0
        D:2 |      12 |      38 |  76.0 |       9 |       2 |  18.2
        D:3 |      29 |       0 |   0.0 |       6 |       0 |   0.0
            +---------+---------+-------+---------+---------+-------
